 Dungeon Sprint DCSS version 0.17-a0-1718-g72dbe4d (webtiles) character file.

3943 Kidiri the Blocker (level 10, -2/93 HPs)
             Began as a Minotaur Fighter on Aug 24, 2015.
             Was an Elder of Okawaru.
             Slain by a giant leech (17 damage)
             ... in the Dungeon (Sprint VII: "The Pits").
             The game lasted 00:06:00 (1628 turns).

Kidiri the Blocker (Minotaur Fighter)               Turns: 1628, Time: 00:06:00

Health: -2/93      AC: 19    Str: 23    XL:     10   Next: 1%
Magic:  14/14      EV: 11    Int:  8    God:    Okawaru [****..]
Gold:   0          SH: 13    Dex: 14    Spells: 0 memorised, 9 levels left

rFire  . . .     SeeInvis .     x - +2 war axe (chop)
rCold  . . .     Clarity  .     t - +3 plate armour
rNeg   . . .     SustAt   .     c - +0 shield
rPois  .         Gourm    .     (helmet restricted)
rElec  .         Spirit   .     (no cloak)
rCorr  .         Warding  .     (no gloves)
rMut   .         NoTele   +     (no boots)
MR     .....                    (no amulet)
Stlth  ..........               s - +3 ring of intelligence
                                b - +3 ring of dexterity

@: not resistant to hostile enchantments, extremely unstealthy
A: retaliatory headbutt, horns 2
a: Heroism, Renounce Religion


You were in the Dungeon.
You worshipped Okawaru.
Okawaru was greatly pleased with you.
You were not hungry.

You visited 1 branch

Inventory:

Hand weapons
 a - a +2 morningstar of protection
 x - a +2 war axe of chopping (weapon)
Armour
 c - a +0 shield (worn)
 t - a +3 plate armour (worn)
Jewellery
 b - a +3 ring of dexterity (left hand)
 s - a +3 ring of intelligence (right hand)
Scrolls
 k - a scroll of blinking
 p - 3 scrolls of remove curse
 q - 5 scrolls of amnesia
 r - a scroll of summoning
Potions
 d - a potion of might
 f - 4 potions of curing
 g - 5 potions of heal wounds
 h - 2 potions of haste
 i - 4 potions of magic
 j - 8 potions of berserk rage
 o - 2 potions of invisibility
 u - a potion of cure mutation
 v - a potion of brilliance
 w - a potion of agility
Comestibles
 e - 7 bread rations
 l - 3 chunks of flesh
 m - 40 fruits
 n - 7 meat rations


   Skills:
 + Level 10.1 Fighting
 * Level 13.2 Axes
 * Level 13.3 Armour
 + Level 8.5 Dodging
 * Level 13.4 Shields
 + Level 7.7 Invocations


You had 9 spell levels left.
You didn't know any spells.

Dungeon Overview and Level Annotations

Branches:
Dungeon (1/1)

Altars:
Ashenzari
Cheibriados
Dithmenos
Elyvilon
Fedhas
Gozag
Kikubaaqudgha
Makhleb
Nemelex Xobeh
Okawaru
Qazlal
Ru
Sif Muna
Trog
Vehumet
Xom
Yredelemnul
Zin
The Shining One
Beogh
Jiyva
Lugonu


Innate Abilities, Weirdness & Mutations

You reflexively headbutt those who attack you in melee.
You have a pair of horns on your head.


Message History

The giant leech is almost dead.
You hit the wraith but do no damage.
The wraith is moderately damaged.
The giant leech bites you!
The giant leech draws strength from your injuries!
The wraith hits you but does no damage.
You closely miss the wraith.
The wraith is moderately damaged.
You barely miss the giant leech.
The giant leech is severely wounded.
The giant leech bites you!!
* * * LOW HITPOINT WARNING * * *
The giant leech draws strength from your injuries!
The wraith hits you but does no damage.
You slash the wraith!
The wraith is almost destroyed.
Your plate armour prevents you from hitting the giant leech.
The giant leech is heavily wounded.
The giant leech bites you!
You die...

......+ ......+
......# ......#
'######
'################ ##
.#..............##
..#
.##.............(#..#
.####...#+######@w.#
.#..#####.## ##W##
.#....##...# ..#
.'.....#...# c.#
.'.....+...+ ..+
.'.....#...# ..#
.#....##...# ..#
.#..#####.## +##
.####...#+######...


You could see a giant leech, a yaktaur and a wraith.

Vanquished Creatures
  Josephine (D)
  A death yak (D)
  A hornet (D)
  A fire drake (D)
  A guardian mummy (D)
  A spriggan (D)
  A deep elf fighter (D)
  2 hippogriffs (D)
  A flying skull (D)
  3 wraiths (D)
  A wolf (D)
  An eye of draining (D)
  A phantom (D)
  An ice beast (D)
  A scorpion (D)
  An iguana (D)
  An orc wizard (D)
  A hell rat (D)
  3 gnolls (D)
  2 river rats (D)
  An adder (D)
  3 ufetubi (D)
  3 orcs (D)
  A ball python (D)
  A hobgoblin (D)
  3 quokkas (D)
  2 giant newts (D)
  A jackal skeleton (D)
  A kobold (D)
  A rat (D)
43 creatures vanquished.

Notes
Turn   | Place    | Note
--------------------------------------------------------------
     0 | D        | Kidiri the Minotaur Fighter began the quest for the Orb.
     0 | D        | Reached XP level 1. HP: 19/19 MP: 0/0
    33 | D        | Reached skill level 4 in Fighting
    33 | D        | Reached skill level 1 in Dodging
    66 | D        | Found a sacrificial altar of Ru.
    66 | D        | Found a basalt altar of Yredelemnul.
    66 | D        | Found a shadowy altar of Dithmenos.
    66 | D        | Found a deep blue altar of Sif Muna.
    66 | D        | Found a burning altar of Makhleb.
    66 | D        | Found a shimmering altar of Xom.
    66 | D        | Found an ancient bone altar of Kikubaaqudgha.
    66 | D        | Found a sparkling altar of Nemelex Xobeh.
    67 | D        | Found a glowing golden altar of the Shining One.
    67 | D        | Found a bloodstained altar of Trog.
    67 | D        | Found a shattered altar of Ashenzari.
    67 | D        | Found a white marble altar of Elyvilon.
    67 | D        | Found a snail-covered altar of Cheibriados.
    67 | D        | Found a blossoming altar of Fedhas.
    67 | D        | Found a radiant altar of Vehumet.
    67 | D        | Found a glowing silver altar of Zin.
    67 | D        | Found a corrupted altar of Lugonu.
    67 | D        | Found a viscous altar of Jiyva.
    67 | D        | Found a roughly hewn altar of Beogh.
    67 | D        | Found an iron altar of Okawaru.
    73 | D        | Found a stormy altar of Qazlal.
    73 | D        | Found an opulent altar of Gozag.
    76 | D        | Became a worshipper of Warmaster Okawaru
   314 | D        | Reached XP level 2. HP: 27/27 MP: 1/1
   379 | D        | Reached skill level 1 in Invocations
   547 | D        | Reached skill level 5 in Armour
   547 | D        | Reached skill level 5 in Shields
   547 | D        | Reached XP level 3. HP: 31/34 MP: 2/2
   642 | D        | Noticed a phantom
   658 | D        | Noticed an iguana
   658 | D        | Noticed an orc wizard
   672 | D        | Killed an iguana
   672 | D        | Reached skill level 5 in Axes
   672 | D        | Reached XP level 4. HP: 29/41 MP: 4/4
   690 | D        | Killed an orc wizard
   690 | D        | Reached skill level 5 in Fighting
   690 | D        | Reached skill level 6 in Armour
   711 | D        | Killed a phantom
   711 | D        | Acquired Okawaru's first power
   711 | D        | Reached skill level 7 in Armour
   711 | D        | Reached XP level 5. HP: 17/50 MP: 4/6
   913 | D        | Noticed a wolf
   918 | D        | Killed a wolf
   918 | D        | Reached skill level 8 in Armour
   918 | D        | Reached XP level 6. HP: 43/58 MP: 4/7
   921 | D        | Noticed a spriggan
   924 | D        | Killed a spriggan
   924 | D        | Reached skill level 9 in Armour
   924 | D        | Reached skill level 5 in Dodging
   927 | D        | Noticed a flying skull
   936 | D        | Killed a flying skull
   936 | D        | Reached XP level 7. HP: 36/66 MP: 6/9
  1174 | D        | Noticed a death yak
  1193 | D        | Killed a death yak
  1193 | D        | Reached skill level 10 in Axes
  1193 | D        | Reached skill level 10 in Armour
  1193 | D        | Reached skill level 10 in Shields
  1193 | D        | Reached skill level 5 in Invocations
  1193 | D        | Reached XP level 8. HP: 46/74 MP: 8/11
  1373 | D        | Noticed a guardian mummy
  1373 | D        | Noticed a hippogriff
  1380 | D        | Killed a guardian mummy
  1380 | D        | Reached skill level 11 in Axes
  1387 | D        | Killed a hippogriff
  1406 | D        | Noticed an eye of draining
  1407 | D        | Noticed a deep elf fighter
  1407 | D        | Noticed a hell rat
  1407 | D        | Noticed a scorpion
  1411 | D        | Killed a hell rat
  1412 | D        | Killed a scorpion
  1419 | D        | Killed an eye of draining
  1423 | D        | Killed a deep elf fighter
  1451 | D        | Noticed a fire drake
  1451 | D        | Noticed a hornet
  1451 | D        | Noticed a hippogriff
  1452 | D        | Noticed an ice beast
  1455 | D        | Killed an ice beast
  1455 | D        | Reached XP level 9. HP: 52/83 MP: 6/12
  1458 | D        | Killed a fire drake
  1458 | D        | Reached skill level 12 in Axes
  1461 | D        | Killed a hornet
  1462 | D        | Killed a hippogriff
  1472 | D        | Noticed a wraith
  1473 | D        | Noticed a wraith
  1481 | D        | Killed a wraith
  1483 | D        | Killed a wraith
  1603 | D        | Noticed a giant leech
  1603 | D        | Noticed Josephine
  1603 | D        | Noticed a wraith
  1603 | D        | Noticed a wraith
  1605 | D        | Noticed a yaktaur
  1606 | D        | Killed a wraith
  1625 | D        | Killed Josephine
  1625 | D        | Reached skill level 10 in Fighting
  1625 | D        | Reached skill level 13 in Axes
  1625 | D        | Reached XP level 10. HP: 54/93 MP: 14/14
  1628 | D        | Slain by a giant leech

Vault maps used:
D:        pitsprint

Action                   |  1- 3 |  4- 6 |  7- 9 | 10-12 || total
-------------------------+-------+-------+-------+-------++-------
Melee: War axe           |    43 |    40 |    85 |     3 ||   171
Invok: Heroism           |       |     1 |     3 |       ||     4
  Use: Potion            |     1 |       |     4 |       ||     5
  Eat: Bread ration      |       |       |     1 |       ||     1
